 Dungeon Crawl Stone Soup version 0.30.1-9-gdf580d7c3d (webtiles) character file.

Game seed: 9442866888116241973

11708 danielguo94 the Basher (level 11, -22/103 HPs)
             Began as a Gargoyle Fighter on Oct 10, 2023.
             Was a Priest of the Shining One.
             Annihilated by a minotaur
             ... wielding the +6 broad axe of the Jumping Dragonfly {drain, Dex+2}
              (32 damage)
             ... in a Gauntlet.
             The game lasted 00:20:56 (11095 turns).

danielguo94 the Basher (Gargoyle Fighter)          Turns: 11095, Time: 00:20:57

Health: -22/103    AC: 27    Str: 24    XL:     11   Next: 82%
Magic:  22/22      EV: 10    Int:  5    God:    the Shining One [***...]
Gold:   202        SH:  5    Dex: 11    Spells: 10/10 levels left

rFire   + . .        Q - +4 morningstar
rCold   . . .        c - +0 buckler
rNeg    + + .        d - +0 chain mail
rPois   ∞            k - +2 helmet {SInv}
rElec   +            L - +0 cloak
rCorr   +            (no gloves)
SInv    +            q - +2 pair of boots
Will    .....        (no amulet) Stlth
                     T - ring of Sovemp {rF+ rCorr MP+9 Str+2 Int-4}
HPRegen 0.37/turn    y - +4 ring of slaying
MPRegen 0.18/turn

%: no teleportation
@: berserking, hasted, glowing, very quick
A: sickness immunity, AC +8, negative energy resistance 1, electricity
resistance, torment resistance 1, petrification resistance
a: Renounce Religion, Divine Shield, Cleansing Flame


You were in a Gauntlet.
You worshipped the Shining One.
The Shining One was most pleased with you.
You visited 2 branches of the dungeon, and saw 12 of its levels.
You visited 1 bazaar.
You also visited: Gauntlet.

You collected 652 gold pieces.
You spent 450 gold pieces at shops.

Inventory:

Hand Weapons
 Q - a +4 morningstar (weapon)
Missiles
 f - 29 poisoned darts (quivered)
 m - 4 atropa-tipped darts
 s - a throwing net
 F - 5 boomerangs of dispersal
 H - a curare-tipped dart
Armour
 c - a +0 buckler (worn)
 d - a +0 chain mail (worn)
 k - a +2 helmet of see invisible (worn)
 q - a +2 pair of boots (worn)
 L - a +0 cloak (worn)
Jewellery
 r - a ring of fire
 t - a ring of wizardry
 x - a ring of protection from cold
 y - a +4 ring of slaying (right hand)
 T - the ring of Sovemp (left hand) {rF+ rCorr MP+9 Str+2 Int-4}
   (You found it in a Gauntlet)

   [ring of magical power]

   Str:       It affects your strength (+2).
   Int:       It affects your intelligence (-4).
   rF:        It protects you from fire.
   MP:        It affects your magic capacity (+9).
   rCorr:     It protects you from acid and corrosion.
Wands
 z - a wand of flame (39)
 C - a wand of digging (13)
 D - a wand of acid (1)
 J - a wand of charming (6)
Scrolls
 b - 3 scrolls of vulnerability
 e - 6 scrolls of teleportation
 i - a scroll of fog {unknown}
 j - 6 scrolls of fear
 l - 2 scrolls of blinking
 n - a scroll of immolation {unknown}
 o - a scroll of magic mapping {unknown}
 u - 2 scrolls of summoning
 v - a scroll of poison {unknown}
 N - 2 scrolls of enchant armour {unknown}
Potions
 a - 2 potions of invisibility
 g - 2 potions of curing
 h - 2 potions of magic
 p - a potion of haste
 w - a potion of experience {unknown}
 A - 2 potions of brilliance {unknown}
 B - 3 potions of resistance
 E - 2 potions of lignification {unknown}
 G - 2 potions of attraction
 I - a potion of might
 K - a potion of flight {unknown}
 M - 5 potions of heal wounds
 P - a potion of mutation {unknown}
 R - a potion of cancellation {unknown}
 S - a potion of ambrosia {unknown}


   Skills:
 + Level 8.3 Fighting
 + Level 12.6 Maces & Flails
 + Level 9.2 Armour
 + Level 3.9 Dodging
 + Level 7.7 Shields
 * Level 3.9 Invocations


You had 10 spell levels left.
You didn't know any spells.
Your spell library contained the following spells:

 Spells                   Type           Power      Damage    Failure   Level
 Apportation              Tloc           0%         N/A       95%         1
 Beastly Appendage        Tmut           0%         N/A       95%         1
 Necrotise                Necr           0%         1d4       95%         1
 Summon Small Mammal      Summ           0%         N/A       95%         1
 Wereblood                Tmut           0%         N/A       99%         2
 Spider Form              Tmut/Pois      0%         N/A       100%        3


Dungeon Overview and Level Annotations

Branches:
Dungeon (11/15)            Temple (1/1) D:6            Lair (0/5) D:10
    Orc (0/2) D:9         Gauntlet (1/1)

Altars:
Ashenzari
Cheibriados
Dithmenos
Elyvilon
Fedhas
Gozag
Hepliaklqana
Kikubaaqudgha
Makhleb
Nemelex Xobeh
Okawaru
Qazlal
Ru
Sif Muna
Trog
Uskayaw
Vehumet
Wu Jian
Xom
Yredelemnul
Zin
The Shining One

Annotations:
Gauntlet 8 transporters, exclusion: oklob plant


Innate Abilities, Weirdness & Mutations

You are immune to sickness and miasma.
Your stone body is resilient. (AC +8)
You are immune to poison.
You resist negative energy. (rN+)
You are resistant to electric shocks. (rElec)
You are resistant to unholy torment.
You are immune to petrification.


Message History

You open the door.
A minotaur and a minotaur zombie come into view.
The minotaur is wielding the +6 broad axe of the Jumping Dragonfly {drain, Dex+2}, wearing the ring "Ytuq" {Fire Dex+4} and quivering silver javelins.
The minotaur bellows!
Found a twisted runed staff.
Found a gate leading back out of this place.
The minotaur throws a silver javelin.
The silver javelin pierces through you but does no damage.
You start resting.
HP restored.
You feel yourself speed up.
Unknown command.
What are your orders? t - Shout!
Orders for allies: a - Attack new target. r - Retreat! s - Stop attacking. g - Guard the area. f - Follow me.
Anything else - Cancel.
You shout for attention!
The minotaur blocks your attack. The minotaur blocks your attack.
The minotaur drinks a potion.
The minotaur goes berserk!
You hit the minotaur.
The minotaur is lightly wounded.
The minotaur hits you with the +6 broad axe of the Jumping Dragonfly {drain, Dex+2}!!
The minotaur gores you!
You are too injured to fight recklessly!
You are too injured to fight recklessly!
A red film seems to cover your vision as you go berserk!
You feel yourself moving faster!
You feel mighty! You block the minotaur's attack. The minotaur gores you!!
* * * LOW HITPOINT WARNING * * *
Unknown command.
The minotaur blocks your attack.
The minotaur is lightly wounded.
You block the minotaur's attack. The minotaur closely misses you.
You thump the minotaur!
The minotaur is lightly wounded.
The minotaur hits you with the +6 broad axe of the Jumping Dragonfly {drain, Dex+2}!!
You die... ##..⌠ '⌠..
H.Z

∩. #. ######'#######
.............# #.###.###H###.#
#.......@.....# ###.###.###.###
#####.###.###.#####
#§...............≈# ##
####8.8.8..©.©..8.8.8#### 8#
#8##≈...............≈##8#
###############################
..............≈∩≈............≈#
..............................#


You could see a minotaur (berserk).

Vanquished Creatures
  An entropy weaver (Gauntlet)
  Maggie (D:8)
  A rime drake (D:10)
  An unseen horror zombie (D:9)
  Psyche (D:10)
  2 gargoyles
  4 trolls
  A hornet (D:9)
  8 flying skulls (Gauntlet)
  Sigmund (D:2)
  2 wraiths (D:10)
  A wyvern (D:9)
  8 yaks
  A redback (Gauntlet)
  2 vampire mosquitoes (D:10)
  Edmund (D:4)
  4 water moccasins
  2 orc warriors
  6 ice beasts
  A sky beast (D:6)
  A black bear (D:7)
  2 ogres
  2 wolves (D:10)
  2 phantoms (D:4)
  4 centaurs
  4 kobold brigands
  6 bullfrogs
  A wyvern zombie (D:9)
  2 scorpions (D:6)
  12 wights
  6 killer bees (D:7)
  3 howler monkeys
  3 centaur zombies (D:9)
  A jelly (D:3)
  A hound (D:6)
  2 gnoll boudas
  2 orc priests (D:6)
  3 orc wizards
  5 iguanas
  A killer bee zombie (D:9)
  3 howler monkey zombies (D:9)
  9 adders
  12 gnolls
  A shadow imp (D:6)
  A white imp (D:8)
  3 ufetubi
  6 dart slugs
  41 orcs
  7 ball pythons
  2 bats
  5 endoplasms
  7 giant cockroaches
  3 goblins
  5 hobgoblins
  10 jackals
  3 quokkas
  5 frilled lizards
  25 kobolds
  3 rats (D:3)
263 creatures vanquished.

Notes
Turn   | Place    | Note
-------+----------+-------------------------------------------
     0 | D:1      | danielguo94 the Gargoyle Fighter began the quest for the
                  | Orb.
     0 | D:1      | Reached XP level 1. HP: 14/14 MP: 1/1
   132 | D:1      | Reached XP level 2. HP: 17/19 MP: 2/2
   663 | D:1      | Reached XP level 3. HP: 23/23 MP: 3/3
   973 | D:2      | Reached XP level 4. HP: 29/29 MP: 4/4
   996 | D:2      | Found a faded altar of an unknown god.
  1082 | D:2      | Reached skill level 3 in Maces & Flails
  1265 | D:2      | Noticed Sigmund
  1279 | D:2      | Killed Sigmund
  1280 | D:2      | Reached skill level 4 in Maces & Flails
  1280 | D:2      | Reached skill level 1 in Dodging
  1280 | D:2      | Reached XP level 5. HP: 27/33 MP: 5/5
  1280 | D:2      | Reached XP level 6. HP: 31/38 MP: 6/6
  2518 | D:4      | Reached skill level 5 in Maces & Flails
  2518 | D:4      | Reached XP level 7. HP: 40/44 MP: 7/7
  2745 | D:4      | Reached skill level 5 in Armour
  3495 | D:5      | Entered Level 5 of the Dungeon
  3517 | D:5      | Reached skill level 6 in Maces & Flails
  3690 | D:5      | Reached XP level 8. HP: 38/48 MP: 8/8
  3857 | D:5      | Noticed Edmund
  4185 | D:4      | Reached skill level 5 in Fighting
  4225 | D:4      | Killed Edmund
  4722 | D:6      | Reached skill level 7 in Maces & Flails
  4722 | D:6      | Reached skill level 5 in Shields
  4735 | D:6      | Found a staircase to the Ecumenical Temple.
  4885 | Temple   | Entered the Ecumenical Temple
  4982 | Temple   | Became a worshipper of the Shining One
  5232 | D:6      | Reached XP level 9. HP: 54/54 MP: 9/9
  5623 | D:6      | Reached skill level 8 in Maces & Flails
  5779 | D:6      | Found a stormy altar of Qazlal.
  6135 | D:7      | Reached * piety under the Shining One
  6482 | D:7      | Found a shimmering altar of Xom.
  6872 | D:7      | Reached skill level 9 in Maces & Flails
  7085 | D:7      | Found a white marble altar of Elyvilon.
  7085 | D:7      | Found a hide-covered altar of Uskayaw.
  7464 | D:8      | Reached XP level 10. HP: 56/61 MP: 10/10
  7533 | D:8      | Noticed Maggie
  7611 | D:8      | Killed Maggie
  7857 | D:8      | Reached skill level 10 in Maces & Flails
  8190 | D:9      | Found an ornate altar of the Wu Jian Council.
  8456 | D:9      | Found a basalt altar of Yredelemnul.
  8601 | D:9      | Reached ** piety under the Shining One
  8781 | D:9      | Reached skill level 11 in Maces & Flails
  9132 | D:9      | Reached XP level 11. HP: 45/67 MP: 11/11
  9220 | D:9      | Found a staircase to the Orcish Mines.
  9375 | D:10     | Entered Level 10 of the Dungeon
  9563 | D:10     | Reached skill level 1 in Invocations
  9574 | D:10     | Found a staircase to the Lair.
  9805 | D:10     | Identified the +0 long sword "Hideir Xaoz" {holy, Dex+4}
  9914 | D:10     | Reached skill level 12 in Maces & Flails
 10167 | D:10     | Noticed Psyche
 10185 | D:10     | Killed Psyche
 10512 | D:11     | Found a flickering gateway to a bazaar.
 10518 | Bazaar   | Entered a bazaar
 10535 | Bazaar   | Found Heyfodd's Antique Weapon Shop.
 10548 | Bazaar   | Found Uckokhlecw's Distillery.
 10559 | Bazaar   | Bought a potion of heal wounds for 75 gold pieces
 10559 | Bazaar   | Bought a potion of heal wounds for 75 gold pieces
 10559 | Bazaar   | Bought a potion of heal wounds for 75 gold pieces
 10559 | Bazaar   | Bought a potion of haste for 150 gold pieces
 10559 | Bazaar   | Bought a potion of berserk rage for 75 gold pieces
 10583 | Bazaar   | Found Lisube Nesei's Assorted Antiques.
 10583 | Bazaar   | Found Tiajiur's Assorted Antiques.
 10704 | D:11     | Found a gate leading to a gauntlet.
 10713 | Gauntlet | Entered a Gauntlet
 10713 | Gauntlet | Reached *** piety under the Shining One
 10713 | Gauntlet | Found a transporter.
 10713 | Gauntlet | Found a transporter.
 10722 | Gauntlet | Found a transporter.
 10731 | Gauntlet | Noticed an oklob plant
 10732 | Gauntlet | Found a transporter.
 10747 | Gauntlet | Found a transporter.
 10759 | Gauntlet | Found a transporter.
 10772 | Gauntlet | Found a transporter.
 10776 | Gauntlet | Noticed a soul eater
 10778 | Gauntlet | Found a transporter.
 10792 | Gauntlet | Found a transporter.
 10798 | Gauntlet | Noticed an entropy weaver
 10811 | Gauntlet | Found a transporter.
 10813 | Gauntlet | Found a transporter.
 10855 | Gauntlet | Found a transporter.
 10925 | Gauntlet | Identified the ring of Sovemp {rF+ rCorr MP+9 Str+2 Int-4}
 10993 | Gauntlet | Killed an entropy weaver
 11013 | Gauntlet | Identified the +1 falchion of Greatest Utility {spect,
                  | Str+3}
 11080 | Gauntlet | Identified the +6 broad axe of the Jumping Dragonfly
                  | {drain, Dex+2}
 11080 | Gauntlet | Identified the ring "Ytuq" {Fire Dex+4}
 11080 | Gauntlet | Noticed a minotaur
 11095 | Gauntlet | Annihilated by a minotaur

Illustrated notes

Levels and vault maps discovered:
D:1:      amcnicky_arrival_choice, layout_rooms, minmay_three_crescents
D:2:      layout_loops_corners, hellmonk_ecumenical_altar_pennies_from_heaven,
          amcnicky_mini_pool_small, uniq_sigmund
D:3:      layout_rooms
D:4:      layout_cave_pods
D:5:      layout_cave_pools, uniq_edmund
D:6:      layout_basic, amcnicky_altar_gilded, temple_fountains
D:7:      layout_cave_pools, gammafunk_temple_overflow_wave,
          mainiacjoe_overflow_alcove_2
D:8:      layout_basic, uniq_maggie
D:9:      layout_long_grid, nicolae_yredelemnul_corpse_copse,
          nicolae_wu_jian_wuxing_cycle, orc_0_dummy, kennysheep_generic_room_15
D:10:     layout_loops_ring, hellmonk_lair_entry_icy,
          eino_small_chamber_without_monster, uniq_psyche
D:11:     layout_irregular_city, serial_shops, bzr_entry_safe,
          gauntlet_entry_generic, eino_small_chamber_without_monster,
          uniq_harold
Temple:   lightli_temple_of_artemis
Gauntlet: gammafunk_gauntlet_shortcut [gammafunk_gauntlet_arena_teeth,
          gammafunk_gauntlet_arena_split_x, nicolae_gauntlet_arena_x,
          nicolae_gauntlet_arena_t_cross, nicolae_gauntlet_swirl,
          gammafunk_gauntlet_arena_mazey, gauntlet_exit_hidden_loot]

Skill      XL: |  1  2  3  4  5  6  7  8  9 10 11 |
---------------+----------------------------------+-----
Maces & Flails | 4 5 6 7 9 11 12 | 12.6
Fighting       | 4 5 6 7 8 |  8.3
Armour         | 4 5 6 7 8 9 |  9.2
Dodging        | 1 2 3 |  3.9
Shields        | 4 5 6 7 |  7.7
Invocations    | 3 |  3.9

Action                     |  1- 3 |  4- 6 |  7- 9 | 10-12 || total
---------------------------+-------+-------+-------+-------++-------
  Melee: Flail             |   103 |   176 |   351 |       ||   630
         Mace              |       |       |   220 |   307 ||   527
         Morningstar       |       |       |       |   108 ||   108
         Unarmed           |       |       |       |    16 ||    16
  Throw: Dart              |       |       |    12 |       ||    12
 Invoke: Divine Shield     |       |       |       |     1 ||     1
    Use: Potion            |       |     1 |     1 |     6 ||     8
         Scroll            |       |     4 |     7 |     7 ||    18
 Armour: Scale mail        |    68 |    95 |       |       ||   163
         Chain mail        |       |     9 |   389 |   284 ||   682
         Skin              |       |       |       |     2 ||     2
  Dodge: Dodged            |    48 |    88 |   282 |   168 ||   586
  Block: Buckler           |    23 |    42 |   150 |   126 ||   341
